 Dungeon Crawl Stone Soup version 0.18-a0-60-g15541d7 (webtiles) character file.

707 Duffy the Chopper (level 7, 64/64 HPs)
             Began as a Hill Orc Monk on Nov 9, 2015.
             Quit the game on level 5 of the Dungeon.
             The game lasted 00:07:01 (6357 turns).

Duffy the Chopper (Hill Orc Monk)                   Turns: 6357, Time: 00:07:01

Health: 64/64      AC: 20    Str: 19    XL:     7   Next: 67%
Magic:  7/7        EV:  7    Int: 10    God:
Gold:   328        SH:  0    Dex: 19    Spells: 0 memorised, 6 levels left

rFire  . . .     SeeInvis .     z - +0 hand axe
rCold  . . .     Clarity  .     q - +0 plate armour
rNeg   . . .     SustAt   .     (no shield)
rPois  .         Gourm    .     r - +2 helmet of Imyala {Str+3 Dex+4 Slay+3}
rElec  .         Spirit   .     w - +0 cloak
rCorr  .         Warding  .     (no gloves)
rMut   .         Stasis   .     j - +0 pair of boots
MR     .....                    (no amulet)
Stlth  ..........               x - +4 ring of protection
                                k - +2 ring of dexterity

@: not resistant to hostile enchantments, extremely unstealthy
A: no striking features
a: no special abilities


You were on level 5 of the Dungeon.
You were hungry.

You visited 2 branches of the dungeon, and saw 6 of its levels.

You collected 328 gold pieces.


   Skills:
 - Level 6.4 Fighting
 + Level 7.6 Axes
 - Level 3.2 Armour
 - Level 2.4 Dodging
 - Level 1.5 Stealth
 - Level 4.5 Unarmed Combat


You had 6 spell levels left.
You didn't know any spells.

Inventory:

Hand Weapons
 b - a +0 blowgun
 z - a +0 hand axe (weapon)
Missiles
 f - 9 tomahawks
 n - 34 poisoned needles
 y - 4 poisoned tomahawks (quivered)
Armour
 a - a +0 robe
 h - a +0 chain mail
 j - a +0 pair of boots (worn)
 q - a +0 plate armour (worn)
 r - the +2 helmet of Imyala (worn) {Str+3 Dex+4 Slay+3}

   It affects your strength (+3).
   It affects your dexterity (+4).
   It affects your accuracy and damage with ranged weapons and melee attacks
   (+3).
 w - a +0 cloak (worn)
Jewellery
 k - a +2 ring of dexterity (left hand)
 x - a +4 ring of protection (right hand)
 D - an uncursed ring of ice
Scrolls
 c - a scroll of teleportation {unknown}
 d - a scroll of enchant armour {unknown}
 i - a scroll of amnesia {unknown}
 m - 2 scrolls of fear {unknown}
 o - a scroll of enchant weapon {unknown}
 p - 2 scrolls of remove curse
 v - a scroll of random uselessness {unknown}
 A - a scroll of noise {unknown}
 C - a scroll of immolation {unknown}
 E - a scroll of magic mapping {unknown}
Potions
 e - a potion of resistance
 l - 2 potions of haste
 u - 2 potions of invisibility
Comestibles
 g - a slice of pizza
 s - 6 bread rations
 t - a royal jelly
 B - a beef jerky

Dungeon Overview and Level Annotations

Branches:
Dungeon (5/15)             Temple (1/1) D:4

Altars:
Ashenzari
Cheibriados
Dithmenos
Elyvilon
Fedhas
Gozag
Kikubaaqudgha
Makhleb
Okawaru
Qazlal
Sif Muna
Trog
Vehumet
Xom
The Shining One

Shops:
D:5 :


Message History

The centaur hits you but does no damage.
Your plate armour prevents you from hitting the centaur.
The centaur is heavily wounded.
The centaur closely misses you.
You hit the centaur.
The centaur is severely wounded.
The centaur hits you but does no damage.
The centaur barely misses you.
You hit the centaur.
The centaur is severely wounded.
The centaur hits you but does no damage.
You hit the centaur but do no damage.
The centaur is severely wounded.
The centaur hits you but does no damage. x2
You hit the centaur.
You kill the centaur!
Things that are here:
an uncursed shortbow; 12 arrows; a centaur corpse
B - a beef jerky HP restored.
You are feeling hungry.
Found a stormy altar of Qazlal.
Found an ancient bone altar of Kikubaaqudgha.
Found a shadowy altar of Dithmenos and an iron altar of Okawaru.
Found a burning altar of Makhleb.
Found a shimmering altar of Xom.
Found a snail-covered altar of Cheibriados.
There is a burning altar of Makhleb here.
The gnoll shouts!
The gnoll shouts!
Found a short sword.
You spend a moment contemplating the meaning of life.
f - 9 tomahawks (gained 4)
There is a burning altar of Makhleb here.
Are you sure you want to abandon this character and quit the game? (Confirm with "yes".)

≈.#.## #..#
##...###### ≈.#.# #.##
##8..8## ≈.#.# #.#
#......# ..#.# ###<#
###..### #.#.# #...#
#_...._# #.#.# #.#.#
###..### [.#.#
#.#.#####....._# ###.#
#.#.#...###..### #.#
#.#.#.###@....8# #.#
#.#.#.# ###..### ##.##
#.#.#.# #_...._#
#...###.#.#.####.8#_##
#.#...........########
#...####..##### #...#
#######....# #.#.#
##....## #.#.#
##....## #.#.#


There were no monsters in sight!

Action                   |  1- 3 |  4- 6 |  7- 9 || total
-------------------------+-------+-------+-------++-------
Melee: Unarmed           |   180 |   227 |       ||   407
       Hand axe          |       |    96 |    36 ||   132
 Fire: Blowgun           |       |     3 |       ||     3
  Use: Scroll            |       |     7 |       ||     7
       Potion            |       |       |     2 ||     2
 Stab: Sleeping          |     1 |       |       ||     1
  Eat: Chunk             |     3 |     9 |     2 ||    14
       Beef jerky        |       |     2 |       ||     2

Notes
Turn   | Place    | Note
--------------------------------------------------------------
     0 | D:1      | Duffy the Hill Orc Monk began the quest for the Orb.
     0 | D:1      | Reached XP level 1. HP: 19/19 MP: 1/1
    39 | D:1      | Reached skill level 4 in Fighting
    40 | D:1      | Reached XP level 2. HP: 16/27 MP: 2/2
   686 | D:1      | Reached XP level 3. HP: 29/34 MP: 3/3
  1117 | D:1      | Reached skill level 5 in Fighting
  1810 | D:2      | Reached XP level 4. HP: 42/42 MP: 4/4
  2185 | D:2      | Reached skill level 1 in Armour
  2443 | D:3      | Found a radiant altar of Vehumet.
  2920 | D:3      | Found a shattered altar of Ashenzari.
  3042 | D:3      | Reached skill level 2 in Armour
  3276 | D:3      | Noticed Ijyb
  3303 | D:3      | Killed Ijyb
  3303 | D:3      | Reached skill level 6 in Fighting
  3303 | D:3      | Reached XP level 5. HP: 43/50 MP: 5/5
  3655 | D:3      | Reached skill level 3 in Armour
  4529 | D:4      | Reached skill level 1 in Axes
  4551 | D:4      | Noticed Robin
  4554 | D:4      | Reached XP level 6. HP: 55/58 MP: 6/6
  4578 | D:4      | Reached skill level 2 in Axes
  4585 | D:4      | Killed Robin
  4600 | D:4      | Got a twisted helmet
  4606 | D:4      | Identified the +2 helmet of Imyala {Str+3 Dex+4 Slay+3} (You took it off Robin on level 4 of the Dungeon)
  4838 | D:4      | Reached skill level 3 in Axes
  5056 | D:4      | Found a staircase to the Ecumenical Temple.
  5083 | Temple   | Entered the Ecumenical Temple
  5237 | D:4      | Reached skill level 4 in Axes
  5248 | D:4      | Reached skill level 5 in Axes
  5552 | D:4      | Reached XP level 7. HP: 43/64 MP: 7/7
  5573 | D:4      | Reached skill level 6 in Axes
  5968 | D:5      | Entered Level 5 of the Dungeon
  6010 | D:5      | Found a glowing golden altar of the Shining One.
  6022 | D:5      | Reached skill level 7 in Axes
  6056 | D:5      | Found Igaqeb's Book Shop.
  6270 | D:5      | Found a stormy altar of Qazlal.
  6271 | D:5      | Found an ancient bone altar of Kikubaaqudgha.
  6272 | D:5      | Found a shadowy altar of Dithmenos.
  6272 | D:5      | Found an iron altar of Okawaru.
  6275 | D:5      | Found a burning altar of Makhleb.
  6276 | D:5      | Found a shimmering altar of Xom.
  6277 | D:5      | Found a snail-covered altar of Cheibriados.
  6357 | D:5      | Quit the game

Vault maps used:
D:1:      erik_arrival_orb_chamber
D:2:      serial_curves, eino_curves_01, eino_curves_02, minmay_misc_feat_tower,
          minivault_14, hangedman_abyss_or_decor_stabs, st_stairs_10
D:3:      minmay_door_path, cheibrodos_ashenzari_chains, vehumet_crystals,
          first_bread, uniq_iyjb
D:4:      minmay_temple_entry_glassed_door, uniq_robin
D:5:      lemuel_castle_with_subvaults, nemelex_xobeh_ov_fountains_minmay,
          nicolae_tso_carved_into_rock, minitemple, serial_shops, shop_statue,
          minmay_misc_feat_four_crosses
Temple:   nicolae_temple_hex_pool_5

Vanquished Creatures
  A sky beast
  2 ogres
  A centaur
  An orc priest
  A centaur skeleton Ijyb
  An iguana
  A giant frog skeleton
  A worker ant
  An orc wizard Robin
  4 adders
  An adder skeleton
  4 worms
  14 orcs
  A ball python
  13 bats
  6 giant cockroaches
  11 hobgoblins
  11 jackals
  5 kobolds
  3 quokkas
  4 giant geckos
  6 giant newts
  14 goblins
  A jackal skeleton
  A quokka skeleton
  17 rats
128 creatures vanquished.
